 Dungeon Crawl Stone Soup version 0.30-a0-23-ge60ba3568b (webtiles) character file.

Game seed: 1878795461795330723

217 SensoryNuts the Chopper (level 5, -7/47 HPs)
             Began as a Minotaur Fighter on Aug 24, 2022.
             Mangled by Duvessa
             ... wielding a +4 short sword of draining
              (13 damage)
             ... on level 4 of the Dungeon.
             The game lasted 00:03:32 (3186 turns).

SensoryNuts the Chopper (Minotaur Fighter)          Turns: 3186, Time: 00:03:33

Health: -7/47      AC:  7    Str: 21    XL:     5   Next: 61%
Magic:  4/4        EV:  8    Int:  5    God:
Gold:   201        SH:  0    Dex: 11    Spells: 4/4 levels left

rFire   . . .      SeeInvis .    a - +1 war axe
rCold   . . .      Faith    .    e - +0 kite shield
rNeg    . . .      Spirit   .    b - +0 scale mail
rPois   .          Reflect  .    (helmet restricted)
rElec   .          Harm     .    (no cloak)
rCorr   .          Rampage  .    (no gloves)
Will    .....                    (no boots)
Stlth   ..........               (no amulet)
HPRegen 0.15/turn                (no ring)
MPRegen 0.09/turn                (no ring)

@: confused, mighty, ambrosia-drunk
A: horns 2, retaliatory headbutt
a: no special abilities


You were on level 4 of the Dungeon.
You visited 2 branches of the dungeon, and saw 5 of its levels.

You collected 201 gold pieces.

Inventory:

Hand Weapons
 a - a +1 war axe (weapon)
Armour
 b - a +0 scale mail (worn)
 e - a +0 kite shield (worn)
 j - a +0 pair of boots
Scrolls
 f - 3 scrolls of magic mapping
 g - 3 scrolls of immolation
 h - a scroll of poison
 k - 3 scrolls of fog
Potions
 c - 2 potions of haste {unknown}
 i - a potion of resistance {unknown}
 l - a potion of mutation {unknown}


   Skills:
 + Level 4.4 Fighting
 * Level 4.9 Axes
 + Level 4.6 Armour
 + Level 0.5 Dodging
 + Level 0.2 Stealth
 + Level 4.8 Shields


You had 4 spell levels left.
You didn't know any spells.
Your spell library was empty.

Dungeon Overview and Level Annotations

Branches:
Dungeon (4/15)             Temple (1/1) D:4

Altars:
Dithmenos
Elyvilon
Fedhas
Hepliaklqana
Makhleb
Nemelex Xobeh
Sif Muna
Yredelemnul
Zin

Annotations:
D:4 Dowan, Duvessa


Innate Abilities, Weirdness & Mutations

You have a pair of horns on your head.
You reflexively headbutt those who attack you in melee.


Message History

Duvessa and Dowan come into view.
Duvessa is wielding a +4 short sword of draining and carrying a wand of light (5).
Dowan shouts!
There are monsters nearby!
There are monsters nearby!
You feel very mighty all of a sudden.
You barely miss Duvessa. Your headbutt misses Duvessa. You barely miss Dowan.
Dowan points at you and mumbles some strange words.
You resist with some effort.
Duvessa zaps a wand.
The bolt of light hits you!
You slash Duvessa! You headbutt Duvessa.
Duvessa is heavily wounded.
You hit Dowan. You block Duvessa's attack. Dowan hits you but does no damage.
You hit Duvessa.
Duvessa is heavily wounded.
You closely miss Dowan.
Duvessa zaps a wand.
The bolt of light hits you! Dowan hits you with a +0 dagger.
You block Dowan's attack.
Duvessa zaps a wand.
The bolt of light hits you!
* * * LOW HITPOINT WARNING * * *
You hit Duvessa.
Duvessa is heavily wounded.
You barely miss Dowan. Duvessa barely misses you. Dowan casts a spell at you.
The puff of flame hits you.
* * * LOW HITPOINT WARNING * * *
You slash Duvessa! You headbutt Duvessa!
Duvessa is almost dead.
You closely miss Dowan.
Duvessa zaps a wand.
The bolt of light misses you. Dowan completely misses you.
You furiously retaliate!
You headbutt Dowan. You hit Duvessa.
Duvessa is almost dead.
You barely miss Dowan. You block Duvessa's attack.
Dowan gestures at you while chanting. The puff of flame hits you.
* * * LOW HITPOINT WARNING * * *
Duvessa closely misses you. Dowan completely misses you.
You are confused.
You feel invigorated. Dowan hits you with a +0 dagger.
* * * LOW HITPOINT WARNING * * *
Duvessa hits you with a +4 short sword of draining!
You die...

........##....#
.......#....<#
#.....##....#
#.....##....#
###...........#
..............#
.##.....##....#
#.....##....#
#.....#..@..#
#....(#..ee.#
###...##....#
..########...##....#
....#.........#....#
....#.........#....#
... #.....)...#....#
... #....[[...#....#
..# ######...<#


You could see Duvessa and Dowan.

Vanquished Creatures
  A hound (D:4)
  Jessica (D:2)
  An iguana (D:4)
  An orc wizard (D:4)
  6 adders
  A worm (D:2)
  A dart slug (D:4)
  4 orcs (D:4)
  4 ball pythons
  4 endoplasms
  5 giant cockroaches
  5 goblins
  5 hobgoblins
  2 bats
  A frilled lizard (D:2)
  7 kobolds
  3 rats
52 creatures vanquished.

Notes
Turn   | Place    | Note
-------+----------+-------------------------------------------
     0 | D:1      | SensoryNuts the Minotaur Fighter began the quest for the
                  | Orb.
     0 | D:1      | Reached XP level 1. HP: 19/19 MP: 0/0
   208 | D:1      | Found a faded altar of an unknown god.
   412 | D:1      | Reached XP level 2. HP: 27/27 MP: 1/1
   842 | D:2      | Reached XP level 3. HP: 15/33 MP: 2/2
  1398 | D:2      | Noticed Jessica
  1399 | D:2      | Found a basalt altar of Yredelemnul.
  1407 | D:2      | Killed Jessica
  1408 | D:2      | Reached XP level 4. HP: 32/40 MP: 3/3
  1867 | D:3      | Found a basalt altar of Yredelemnul.
  2200 | D:3      | Found a white marble altar of Elyvilon.
  2454 | D:4      | Identified the +6 short sword "Rofeatz" {pain, Fly rC+
                  | Stlth-}
  2547 | D:4      | Found a shadowy altar of Dithmenos.
  2635 | D:4      | Reached XP level 5. HP: 39/47 MP: 4/4
  2775 | D:4      | Found a staircase to the Ecumenical Temple.
  3107 | Temple   | Entered the Ecumenical Temple
  3176 | D:4      | Noticed Duvessa
  3176 | D:4      | Noticed Dowan
  3186 | D:4      | Mangled by Duvessa

Illustrated notes

Levels and vault maps discovered:
D:1:      nzn_arrival_depleted_hourglass, layout_basic,
          dreamdust_ecumenical_altar_grove, minmay_misc_feat_doors,
          minmay_misc_feat_more_columns
D:2:      layout_basic, basic_altar, uniq_jessica
D:3:      layout_basic, kennysheep_ying_yang
D:4:      layout_gridville, mainiacjoe_overflow_paths,
          minmay_temple_entry_trees, st_stairs_12, uniq_duvessa
Temple:   hellmonk_temple_micro_hex

Skill      XL: |  1  2  3  4 |
---------------+-------------+-----
Fighting       | 4 |  4.4
Shields        | 4 |  4.8
Axes           | 3 4 |  4.9
Armour         | 4 |  4.6
Dodging        | |  0.5
Stealth        | |  0.2

Action                   |  1- 3 |  4- 6 || total
-------------------------+-------+-------++-------
Melee: War axe           |    60 |    56 ||   116
       Headbutt          |     9 |    10 ||    19
  Use: Scroll            |       |     9 ||     9
       Potion            |       |     3 ||     3
Armor: Scale mail        |    30 |    16 ||    46
Dodge: Dodged            |    31 |    24 ||    55
Block: Buckler           |    13 |     1 ||    14
       Kite shield       |       |    28 ||    28

Table legend: (Time is in decaauts)
 A = Elapsed time spent in this place.
 B = Non-inter-level travel time spent in this place.
 C = Inter-level travel time spent in this place.
 D = Time resting spent in this place.
 E = Time spent auto-exploring this place.
 F = Levels seen in this place.
 G = Mean time per level.
                   A        B        C        D        E       F      G
               +--------+--------+--------+--------+--------+-----+--------+
         Total |   3234 |   2889 |    345 |    117 |   2320 |   5 |  646.8 |
       Dungeon |   3233 |   2888 |    345 |    117 |   2320 |   4 |  808.2 |
        Temple |      1 |      1 |      0 |      0 |      0 |   1 |    1.0 |
               +--------+--------+--------+--------+--------+-----+--------+

Top non-repeatable levels by time:
     D:2: 1008 daAuts
     D:4: 788 daAuts
     D:1: 745 daAuts
     D:3: 690 daAuts
  Temple: 1 daAuts
